 Dungeon Crawl Stone Soup version 0.28-a0-8-g6e044cfa68 (webtiles) character file.

Game seed: 17932279657742105002

23 Zonian the Magician (level 3, -2/37 HPs)
             Began as a Djinni Fire Elementalist on July 24, 2021.
             Killed from afar by Sigmund (6 damage)
             ... with a magic dart
             ... on level 2 of the Dungeon.
             The game lasted 00:02:36 (2403 turns).

Zonian the Magician (Djinni Fire Elementalist)      Turns: 2403, Time: 00:02:42

Health: -2/37      AC:  2    Str:  7    XL:     3   Next: 12%
Gold:   18         EV: 12    Int: 17    God:
                   SH:  0    Dex: 13

rFire   + + .      SeeInvis .   (no weapon)
rCold   x . .      Faith    .   (no shield)
rNeg    . . .      Spirit   .   a - +0 robe
rPois   ∞          Reflect  .   (no helmet)
rElec   .          Harm     .   (no cloak)
rCorr   .          Rampage  .   (no gloves)
Will    .....                   (boots unavailable)
Stlth   ..........              (no amulet)
HPRegen 0.12/turn               (no ring)
MPRegen 0.00/turn               (no ring)

@: berserking, flying, very quick
A: sickness immunity, fire resistance 2, cold vulnerability 1, float, innate
caster, hp casting, extra vitality 1
a: no special abilities


You were on level 2 of the Dungeon.
You visited 1 branch of the dungeon, and saw 2 of its levels.

You collected 18 gold pieces.

Inventory:

Armour
 a - a +0 robe (worn)
 g - a +0 pair of gloves
Scrolls
 d - a scroll of fear {unknown}
 e - 2 scrolls of noise {unknown}
Potions
 c - a potion of curing {unknown}
 f - a potion of heal wounds {unknown}


   Skills:
 + Level 2.3 Dodging
 + Level 1.8 Stealth
 + Level 3.0 Spellcasting


You couldn't memorise any spells.
You knew the following spells:

 Your Spells              Type           Power      Damage    Failure   Level
a - Foxfire               Conj/Fire      52%        2x1d6     4%          1
b - Conjure Flame         Conj/Fire      13%        6-21      14%         3
c - Inner Flame           Hex/Fire       13%        N/A       14%         3
d - Sticky Flame          Conj/Fire      13%        2d4       43%         4
e - Fireball              Conj/Fire      6%         3d5       80%         5
f - Summon Small Mammal   Summ           52%        N/A       4%          1
Your spell library was empty.

Dungeon Overview and Level Annotations

Branches:
Dungeon (2/15)

Altars:

Annotations:
D:2 Sigmund


Innate Abilities, Weirdness & Mutations

You are immune to sickness and miasma.
You are immune to poison.
Your flesh is very heat resistant. (rF++)
You are vulnerable to cold. (rC-)
You float through the air rather than walking.
You learn spells naturally, not from books.
Your magical power is your life essence.
You have superior vitality. (+4 HP)


Message History

Unknown command.
You conjure some foxfire!
Sigmund hits you from afar with a +0 scythe!
Unknown command.
You conjure some foxfire!
The foxfire hits Sigmund.
Sigmund is lightly wounded.
Sigmund hits you from afar with a +0 scythe.
Unknown command.
You conjure some foxfire!
The foxfire hits Sigmund but does no damage.
Sigmund is lightly wounded.
The foxfire hits Sigmund.
Sigmund is lightly wounded.
Sigmund hits you from afar with a +0 scythe.
Unknown command.
You are too injured to fight recklessly!
Unknown command.
Your foxfire dissipates!
The foxfire hits Sigmund.
Sigmund is moderately wounded.
The foxfire hits Sigmund.
Sigmund is heavily wounded.
Sigmund gestures at you while chanting. The puff of flame misses you.
You conjure some foxfire!
Sigmund casts a spell at you. The magic dart hits you!
* * * LOW HITPOINT WARNING * * *
Unknown command.
Unknown command.
You aren't carrying any items that you can evoke.
Unknown command.
It was a potion of berserk rage.
A red film seems to cover your vision as you go berserk!
You feel yourself moving faster!
You feel mighty!
The foxfire hits Sigmund.
Sigmund is heavily wounded.
Sigmund says, "I'm your fate." Sigmund casts a spell at you.
The magic dart hits you.
You die...

.#.. #... ##
### .!.
...##.. ..#
.#.....#.. ...
..... ....
#..# ##...#.@#
#.....§.#
#.##§§§§#.
....$#§§@.# ##
...####.§[.##.
..
#.#...#.#### .
#..........#
...........#
.........<.#


You could see Sigmund.

Vanquished Creatures
  An adder (D:2)
  A dart slug (D:1)
  A bat (D:2)
  2 endoplasms (D:1)
  2 hobgoblins (D:1)
  2 quokkas
  A ball python (D:2)
  A frilled lizard (D:1)
  A rat (D:1)
12 creatures vanquished.

Vanquished Creatures (collateral kills)
  3 foxfires (D:1)
3 creatures vanquished.

Vanquished Creatures (others)
  62 foxfires
  A plant (D:1)
63 creatures vanquished.

Grand Total: 78 creatures vanquished

Notes
Turn   | Place    | Note
-------+----------+-------------------------------------------
     0 | D:1      | Zonian the Djinni Fire Elementalist began the quest for the
                  | Orb.
     0 | D:1      | Reached XP level 1. HP: 15/15 MP: 0/0
   991 | D:1      | Found a faded altar of an unknown god.
  1130 | D:1      | Reached XP level 2. HP: 16/21 MP: 0/0
  2010 | D:2      | Noticed Sigmund
  2014 | D:2      | Reached skill level 3 in Spellcasting
  2014 | D:2      | Reached XP level 3. HP: 18/25 MP: 0/0
  2014 | D:2      | Learned a level 1 spell: Summon Small Mammal
  2403 | D:2      | Killed from afar by Sigmund

Illustrated notes

Levels and vault maps discovered:
D:1:      tarquinn_simple_flora_water_c, layout_loops_corners,
          shapermc_ecumenical_altar_hornbeckon, serial_forest,
          infiniplex_forest_straight_2, infiniplex_forest_clump_curved,
          infiniplex_forest_lined_1, infiniplex_forest_corner_1,
          infiniplex_forest_corner_2, infiniplex_forest_lined_room_2,
          kennysheep_another_room, chequers_decorated_corner
D:2:      layout_rooms, ebering_dispersal_statue_hall, uniq_sigmund

Skill      XL: |  1  2 |
---------------+-------+-----
Spellcasting   | 3 |  3.0
Dodging        | |  2.3
Stealth        | |  1.8

Action                   || total
-------------------------++-------
Melee: Unarmed           ||     2
 Cast: Foxfire           ||    38
  Use: Potion            ||     1
Armor: Robe              ||     2
Dodge: Dodged            ||    10

Table legend: (Time is in decaauts)
 A = Elapsed time spent in this place.
 B = Non-inter-level travel time spent in this place.
 C = Inter-level travel time spent in this place.
 D = Time resting spent in this place.
 E = Time spent auto-exploring this place.
 F = Levels seen in this place.
 G = Mean time per level.
                   A        B        C        D        E       F      G
               +--------+--------+--------+--------+--------+-----+--------+
         Total |   2403 |   2390 |     13 |   1274 |    997 |   2 | 1201.5 |
       Dungeon |   2403 |   2390 |     13 |   1274 |    997 |   2 | 1201.5 |
               +--------+--------+--------+--------+--------+-----+--------+

Top non-repeatable levels by time:
     D:1: 2306 daAuts
     D:2: 97 daAuts
